EL
ARKANSAS TRAVELERS @ JACKSON GENERALS
04/30/2048
 
TOP OF THE 1ST
Arkansas Travelers batting - Pitching for Jackson Generals : RHP Sid Lampone
Pitching: RHP Sid Lampone
Batting: RHB Jose Ramirez 0-0: Called Strike
0-1: Foul Ball, location: 2F
0-2: Fly out, F9 (Flyball, 9, EV 91.2 MPH)
Batting: LHB Griffin Ferris 0-0: Called Strike
0-1: Fly out, F7 (Flyball, 7, EV 76.2 MPH)
Batting: RHB Juan Montez 0-0: Called Strike
0-1: SINGLE (Groundball, 4MD, EV 94.4 MPH)
Batting: LHB Mark Reeg 0-0: Fielders Choice at 2nd, 6-4 (Groundball, 6, EV 86.9 MPH)
Top of the 1st over - 0 runs, 1 hit, 0 errors, 1 left on base; Arkansas 0 - Jackson 0
BOTTOM OF THE 1ST
Jackson Generals batting - Pitching for Arkansas Travelers : RHP Tim Anderson
Pitching: RHP Tim Anderson
Batting: RHB Tomokazu Sugimoto 0-0: Ground out 6-3 (Groundball, 6, EV 81.2 MPH)
Batting: RHB Enrique Valdez 0-0: Fly out, F8 (Flyball, 8RD, EV 108.1 MPH)
Batting: RHB Adan Lake 0-0: Ball
1-0: Fly out, F6 (Line Drive, 6, EV 61.2 MPH)
Bottom of the 1st over - 0 runs, 0 hits, 0 errors, 0 left on base; Arkansas 0 - Jackson 0
TOP OF THE 2ND
Arkansas Travelers batting - Pitching for Jackson Generals : RHP Sid Lampone
Batting: RHB Ryuji Ito 0-0: Ball
1-0: Foul Ball, location: 2F
1-1: Swinging Strike
1-2: Ball
2-2: Ball
3-2: Strikes out looking
Batting: RHB Kinya Nishimura 0-0: Ball
1-0: Ball
2-0: Called Strike
2-1: Foul Ball, location: 2F
2-2: Fly out, F7 (Flyball, 7LD, EV 97.5 MPH)
Batting: LHB Barrfhionn O'Toole 0-0: Ground out 4-3 (Groundball, 34D, EV 108.1 MPH)
Top of the 2nd over - 0 runs, 0 hits, 0 errors, 0 left on base; Arkansas 0 - Jackson 0
BOTTOM OF THE 2ND
Jackson Generals batting - Pitching for Arkansas Travelers : RHP Tim Anderson
Batting: RHB Mike Conaway 0-0: SINGLE (Line Drive, 56D, EV 103.8 MPH)
Batting: RHB Kagetoki Kawai 0-0: SINGLE (Groundball, 25, EV 68.1 MPH) (infield hit)
Mike Conaway to second
Batting: RHB Julian Gregory 0-0: Ball
1-0: Called Strike
1-1: SINGLE (Line Drive, 4MD, EV 96.9 MPH)
Mike Conaway to third
Kagetoki Kawai to second
Batting: LHB Brent Dutcher 0-0: Ball
1-0: Called Strike
1-1: Ball
2-1: Ball
3-1: Called Strike
3-2: SINGLE (Line Drive, 78S, EV 93.1 MPH)
Mike Conaway scores
Kagetoki Kawai to third
Julian Gregory to second
Batting: RHB Victor Rosas 0-0: Ball
1-0: Ball
2-0: Ball
3-0: Called Strike
3-1: Called Strike
3-2: Grounds into double play, 5-4-3 (Groundball, 5, EV 105.6 MPH)
Kagetoki Kawai scores
Julian Gregory to third
Batting: RHB Egidius Kruger 0-0: Foul Ball, location: 2F
0-1: Ball
1-1: Ball
2-1: Called Strike
2-2: Hit by Pitch
Batting: RHB Tomokazu Sugimoto 0-0: Ball
1-0: Fielders Choice at 2nd, 5-4 (Groundball, 56, EV 108.1 MPH)
Bottom of the 2nd over - 2 runs, 4 hits, 0 errors, 2 left on base; Arkansas 0 - Jackson 2
TOP OF THE 3RD
Arkansas Travelers batting - Pitching for Jackson Generals : RHP Sid Lampone
Batting: LHB Larry Prey 0-0: Ball
1-0: Swinging Strike
1-1: Swinging Strike
1-2: Ball
2-2: Ball
3-2: Strikes out looking
Batting: RHB Phil Knox 0-0: Ball
1-0: Foul Ball, location: 2F
1-1: Called Strike
1-2: Ground out 6-3 (Groundball, 6, EV 93.8 MPH)
Batting: RHB Jose Ramirez 0-0: Foul Ball, location: 2F
0-1: Swinging Strike
0-2: Ground out 5-3 (Groundball, 5S, EV 81.2 MPH)
Top of the 3rd over - 0 runs, 0 hits, 0 errors, 0 left on base; Arkansas 0 - Jackson 2
BOTTOM OF THE 3RD
Jackson Generals batting - Pitching for Arkansas Travelers : RHP Tim Anderson
Batting: RHB Enrique Valdez 0-0: Called Strike
0-1: Ball
1-1: Ground out 4-3 (Groundball, 4, EV 101.9 MPH)
Batting: RHB Adan Lake 0-0: Called Strike
0-1: SINGLE (Groundball, 6MD, EV 110.6 MPH)
Batting: RHB Mike Conaway 0-0: Swinging Strike
0-1: Grounds into double play, 6-4-3 (Groundball, 6, EV 83.8 MPH)
Bottom of the 3rd over - 0 runs, 1 hit, 0 errors, 0 left on base; Arkansas 0 - Jackson 2
TOP OF THE 4TH
Arkansas Travelers batting - Pitching for Jackson Generals : RHP Sid Lampone
Batting: LHB Griffin Ferris 0-0: Ball
1-0: Ball
2-0: Called Strike
2-1: Ball
3-1: Called Strike
3-2: Base on Balls
Batting: RHB Juan Montez 0-0: Called Strike
0-1: Ball
1-1: Fly out, F8 (Flyball, 8LD, EV 101.2 MPH)
Batting: LHB Mark Reeg 0-0: Ball
1-0: Ball
2-0: Foul Ball, location: 2F
2-1: DOUBLE (Line Drive, 9LM, EV 93.1 MPH)
Griffin Ferris to third
Batting: RHB Ryuji Ito 0-0: Called Strike
0-1: Ball
1-1: SINGLE (Groundball, 6MD, EV 97.5 MPH)
Griffin Ferris scores
Mark Reeg to third
Batting: RHB Kinya Nishimura 0-0: Ball
1-0: SINGLE (Line Drive, 8LS, EV 97.5 MPH)
Mark Reeg scores
Ryuji Ito to second
Batting: LHB Barrfhionn O'Toole 0-0: DOUBLE (Groundball, 3D, EV 106.9 MPH)
Ryuji Ito scores
Kinya Nishimura to third
Batting: LHB Larry Prey 0-0: Ground out U3 (Groundball, 3, EV 93.8 MPH)
Batting: RHB Phil Knox 0-0: Ball
1-0: Ground out 4-3 (Groundball, 4, EV 86.9 MPH)
Top of the 4th over - 3 runs, 4 hits, 0 errors, 2 left on base; Arkansas 3 - Jackson 2
BOTTOM OF THE 4TH
Jackson Generals batting - Pitching for Arkansas Travelers : RHP Tim Anderson
Batting: RHB Kagetoki Kawai 0-0: Ball
1-0: Swinging Strike
1-1: Called Strike
1-2: Foul Ball, location: 2F
1-2: Ground out 4-3 (Groundball, 4S, EV 88.8 MPH)
Batting: RHB Julian Gregory 0-0: Called Strike
0-1: Ground out 3-1 (Groundball, 34, EV 83.8 MPH)
Batting: LHB Brent Dutcher 0-0: SINGLE (Groundball, 5S, EV 65.0 MPH) (infield hit)
Batting: RHB Victor Rosas 0-0: Ball
Brent Dutcher steals 2nd base (no throw)
1-0: Called Strike
1-1: Swinging Strike
1-2: Foul Ball, location: 2F
1-2: SINGLE (Flyball, 8LS, EV 85.0 MPH)
Brent Dutcher to third
Runner from 3rd tries for Home, SAFE, throw by CF to home
Victor Rosas to second
Batting: RHB Egidius Kruger 0-0: Ball
1-0: Called Strike
1-1: Swinging Strike
1-2: Ball
2-2: SINGLE (Groundball, 6S, EV 75.6 MPH) (infield hit)
Victor Rosas to third
Batting: RHB Tomokazu Sugimoto 0-0: Called Strike
0-1: Ground out 4-3 (Groundball, 4, EV 102.5 MPH)
Bottom of the 4th over - 1 run, 3 hits, 0 errors, 2 left on base; Arkansas 3 - Jackson 3
TOP OF THE 5TH
Arkansas Travelers batting - Pitching for Jackson Generals : RHP Sid Lampone
Batting: RHB Jose Ramirez 0-0: DOUBLE (Flyball, 8RXD, EV 111.2 MPH)
Batting: LHB Griffin Ferris 0-0: Called Strike
0-1: Foul Ball, location: 2F
0-2: SINGLE (Groundball, P, EV 81.9 MPH) (infield hit)
Jose Ramirez to third
Batting: RHB Juan Montez 0-0: Foul Ball, location: 2F
0-1: Called Strike
0-2: Ball
1-2: Ball
2-2: Ball
3-2: Foul Ball, location: 2F
3-2: Base on Balls
Griffin Ferris to second
Batting: LHB Mark Reeg 0-0: Ball
1-0: Foul Ball, location: 2F
1-1: Ball
2-1: Ball
3-1: Swinging Strike
3-2: DOUBLE (Line Drive, 9LS, EV 90.6 MPH)
Jose Ramirez scores
Griffin Ferris scores
Juan Montez to third
Pitching: LHP Kevin Roberts
Batting: RHB Ryuji Ito 0-0: Ball
1-0: Called Strike
1-1: Foul Ball, location: 2F
1-2: Foul Ball, location: 2F
1-2: Foul Ball, location: 2F
1-2: Ground out 6-3 (Groundball, 6, EV 80.0 MPH)
Juan Montez scores
Mark Reeg to third
Batting: RHB Kinya Nishimura 0-0: Ball
1-0: Foul Ball, location: 2F
1-1: Ball
2-1: Fly out, F8 (Flyball, 8LM, EV 96.2 MPH)
Batting: LHB Barrfhionn O'Toole 0-0: Called Strike
0-1: Ball
1-1: Ball
2-1: Ball
3-1: Base on Balls
Batting: LHB Larry Prey 0-0: Ball
1-0: Called Strike
1-1: Fly out, F8 (Flyball, 8RD, EV 103.1 MPH)
Top of the 5th over - 3 runs, 3 hits, 0 errors, 2 left on base; Arkansas 6 - Jackson 3
BOTTOM OF THE 5TH
Jackson Generals batting - Pitching for Arkansas Travelers : RHP Tim Anderson
Batting: RHB Enrique Valdez 0-0: Ball
1-0: Foul Ball, location: 2F
1-1: SINGLE (Line Drive, 34D, EV 97.5 MPH)
Batting: RHB Adan Lake 0-0: Swinging Strike
0-1: Fly out, F8 (Flyball, 8LM, EV 86.9 MPH)
Batting: RHB Mike Conaway 0-0: Foul Ball, location: 2F
0-1: Ball
1-1: Foul Ball, location: 2F
1-2: Ball
2-2: Ball
3-2: Fly out, F3 (Line Drive, 3L, EV 61.2 MPH)
Batting: RHB Kagetoki Kawai 0-0: SINGLE (Line Drive, 6D, EV 95.0 MPH)
Enrique Valdez to second
Batting: RHB Julian Gregory 0-0: Foul Ball, location: 2F
0-1: SINGLE (Line Drive, 6D, EV 100.0 MPH)
Enrique Valdez to third
Kagetoki Kawai to second
Runner from 3rd tries for Home, SAFE, throw by CF to home
Batting: LHB Brent Dutcher 0-0: Called Strike
0-1: Called Strike
0-2: Foul Ball, location: 2F
0-2: Strikes out swinging
Bottom of the 5th over - 1 run, 3 hits, 0 errors, 2 left on base; Arkansas 6 - Jackson 4
TOP OF THE 6TH
Arkansas Travelers batting - Pitching for Jackson Generals : LHP Kevin Roberts
Batting: RHB Phil Knox 0-0: Ball
1-0: Ball
2-0: Ball
3-0: Base on Balls
Batting: RHB Jose Ramirez 0-0: Called Strike
0-1: Called Strike
0-2: Ball
1-2: Ball
2-2: 2-RUN HOME RUN (Flyball, 78XD, EV 106.2 MPH), Distance : 425 ft
Batting: LHB Griffin Ferris 0-0: Called Strike
0-1: Foul Ball, location: 2F
0-2: Ground out 6-3 (Groundball, 6, EV 84.4 MPH)
Batting: RHB Juan Montez 0-0: Ball
1-0: SOLO HOME RUN (Flyball, 8LXD, EV 116.2 MPH), Distance : 467 ft
Batting: LHB Mark Reeg 0-0: Called Strike
0-1: Ball
1-1: Ball
2-1: Fly out, F8 (Flyball, 8LM, EV 81.2 MPH)
Batting: RHB Ryuji Ito 0-0: Foul Ball, location: 2F
0-1: Foul Ball, location: 2F
0-2: Strikes out looking
Top of the 6th over - 3 runs, 2 hits, 0 errors, 0 left on base; Arkansas 9 - Jackson 4
BOTTOM OF THE 6TH
Jackson Generals batting - Pitching for Arkansas Travelers : RHP Tim Anderson
Batting: RHB Victor Rosas 0-0: Called Strike
0-1: Ground out 4-3 (Groundball, 4, EV 87.5 MPH)
Batting: RHB Egidius Kruger 0-0: Ball
1-0: Ball
2-0: Foul Ball, location: 2F
2-1: Ground out 6-3 (Groundball, 56, EV 103.1 MPH)
Batting: RHB Tomokazu Sugimoto 0-0: SINGLE (Groundball, 4MD, EV 101.9 MPH)
Batting: RHB Enrique Valdez 0-0: Called Strike
Tomokazu Sugimoto steals 2nd base
0-1: Ball
1-1: Fly out, F8 (Flyball, 89XD, EV 99.4 MPH)
Bottom of the 6th over - 0 runs, 1 hit, 0 errors, 1 left on base; Arkansas 9 - Jackson 4
TOP OF THE 7TH
Arkansas Travelers batting - Pitching for Jackson Generals : LHP Kevin Roberts
Batting: RHB Kinya Nishimura 0-0: Ball
1-0: Ball
2-0: Ball
3-0: Called Strike
3-1: Foul Ball, location: 2F
3-2: Ground out 1-3 (Groundball, 13S, EV 62.5 MPH)
Batting: LHB Barrfhionn O'Toole 0-0: Swinging Strike
0-1: Ball
1-1: Foul Ball, location: 2F
1-2: Strikes out swinging
Batting: LHB Larry Prey 0-0: Ball
1-0: Foul Ball, location: 2F
1-1: Ball
2-1: Foul Ball, location: 2F
2-2: Ball
3-2: Base on Balls
Pitching: RHP Adam Fair
Batting: RHB Phil Knox 0-0: Called Strike
0-1: Ball
1-1: Called Strike
Larry Prey is caught stealing 2nd base 2-4
Top of the 7th over - 0 runs, 0 hits, 0 errors, 0 left on base; Arkansas 9 - Jackson 4
BOTTOM OF THE 7TH
Jackson Generals batting - Pitching for Arkansas Travelers : RHP Tim Anderson
Batting: RHB Adan Lake 0-0: Called Strike
0-1: Foul Ball, location: 2F
0-2: Foul Ball, location: 2F
0-2: Ball
1-2: Ground out 5-3 (Groundball, 56S, EV 91.2 MPH)
Batting: RHB Mike Conaway 0-0: Called Strike
0-1: Called Strike
0-2: Ball
1-2: Strikes out looking
Batting: RHB Kagetoki Kawai 0-0: Foul Ball, location: 2F
0-1: Foul Ball, location: 2F
0-2: Strikes out swinging
Bottom of the 7th over - 0 runs, 0 hits, 0 errors, 0 left on base; Arkansas 9 - Jackson 4
TOP OF THE 8TH
Arkansas Travelers batting - Pitching for Jackson Generals : RHP Adam Fair
Batting: RHB Phil Knox 0-0: Ball
1-0: Ball
2-0: Called Strike
2-1: Foul Ball, location: 2F
2-2: Ball
3-2: Strikes out swinging
Batting: RHB Jose Ramirez 0-0: Ground out 4-3 (Groundball, 4, EV 98.1 MPH)
Batting: LHB Griffin Ferris 0-0: Foul Ball, location: 2F
0-1: Foul Ball, location: 2F
0-2: Ball
1-2: Ball
2-2: Foul Ball, location: 2F
2-2: Ball
3-2: Foul Ball, location: 2F
3-2: Fly out, F9 (Flyball, 9, EV 86.9 MPH)
Top of the 8th over - 0 runs, 0 hits, 0 errors, 0 left on base; Arkansas 9 - Jackson 4
BOTTOM OF THE 8TH
Jackson Generals batting - Pitching for Arkansas Travelers : RHP Tim Anderson
Batting: RHB Julian Gregory 0-0: Fly out, F7 (Flyball, 7S, EV 89.4 MPH)
Batting: LHB Brent Dutcher 0-0: Ground out U3 (Groundball, 34S, EV 76.2 MPH)
Batting: RHB Victor Rosas 0-0: Called Strike
0-1: Ball
1-1: Ball
2-1: Foul Ball, location: 2F
2-2: Strikes out swinging, 2-3 out at first.
Bottom of the 8th over - 0 runs, 0 hits, 0 errors, 0 left on base; Arkansas 9 - Jackson 4
TOP OF THE 9TH
Arkansas Travelers batting - Pitching for Jackson Generals : RHP Adam Fair
Pitching: RHP Frank Kats
Batting: RHB Juan Montez 0-0: Called Strike
0-1: Ball
1-1: Ball
2-1: Ground out 4-3 (Groundball, 4MS, EV 85.0 MPH)
Batting: LHB Mark Reeg 0-0: Ball
1-0: Foul Ball, location: 2F
1-1: Foul Ball, location: 2F
1-2: Ball
2-2: DOUBLE (Flyball, 89XD, EV 103.8 MPH)
Batting: RHB Ryuji Ito 0-0: Ball
1-0: Ball
2-0: Ball
3-0: Base on Balls
Batting: RHB Kinya Nishimura 0-0: Fielders Choice at 2nd, 4-6 (Groundball, 13, EV 81.2 MPH)
Mark Reeg to third
Batting: LHB Barrfhionn O'Toole 0-0: Foul Ball, location: 2F
0-1: Swinging Strike
0-2: Ball
1-2: Strikes out swinging
Top of the 9th over - 0 runs, 1 hit, 0 errors, 2 left on base; Arkansas 9 - Jackson 4
BOTTOM OF THE 9TH
Jackson Generals batting - Pitching for Arkansas Travelers : RHP Tim Anderson
Pitching: RHP Jose Alvarado
Batting: RHB Egidius Kruger 0-0: Called Strike
0-1: Foul Ball, location: 2F
0-2: Ball
1-2: Fly out, F8 (Line Drive, 8LM, EV 95.0 MPH)
Batting: RHB Tomokazu Sugimoto 0-0: Ground out 5-3 (Groundball, 5S, EV 88.1 MPH)
Batting: RHB Enrique Valdez 0-0: Called Strike
0-1: Foul Ball, location: 2F
0-2: Ground out 4-3 (Groundball, 4S, EV 90.0 MPH)
Bottom of the 9th over - 0 runs, 0 hits, 0 errors, 0 left on base; Arkansas 9 - Jackson 4
Tuesday, March 28th , 2023 - OOTP Baseball 23.10 Build 110